 Dungeon Crawl Stone Soup version 0.23-a0-629-gae4348f (webtiles) character file.

69 Matador8 the Sneak (level 4, -2/30 HPs)
             Began as a Vampire Enchanter on Dec 26, 2018.
             Slain by a hobgoblin (4 damage)
             ... on level 3 of the Dungeon.
             The game lasted 00:10:10 (2631 turns).

Matador8 the Sneak (Vampire Enchanter)              Turns: 2631, Time: 00:10:11

Health: -2/30      AC:  3    Str:  8    XL:     4   Next: 2%
Magic:  2/7        EV: 12    Int: 17    God:
Gold:   124        SH:  0    Dex: 14    Spells: 3/7 levels left

rFire    . . .     SeeInvis +   a - +1 dagger
rCold    . . .     Gourm    .   (no shield)
rNeg     + . .     Faith    .   b - +0 robe
rPois    .         Spirit   .   (no helmet)
rElec    .         Reflect  .   (no cloak)
rCorr    .         Harm     .   g - +0 pair of gloves
MR       .....                  (no boots)
Stlth    +++.......             (no amulet)
HPRegen  0.10/turn              (no ring)
MPRegen  0.10/turn              (no ring)

@: no status effects
A: fangs 3, see invisible, unbreathing
a: Bat Form


You were on level 3 of the Dungeon.
You were not thirsty.

You visited 1 branch of the dungeon, and saw 3 of its levels.

You collected 124 gold pieces.

Inventory:

Hand Weapons
 a - a +1 dagger (weapon)
Missiles
 j - 32 poisoned needles
Armour
 b - a +0 robe (worn)
 e - a +0 scale mail
 g - a +0 pair of gloves (worn)
 h - a +0 shield
Wands
 k - a wand of enslavement (6)
Scrolls
 c - a scroll of remove curse {unknown}
 f - a scroll of enchant armour {unknown}
 i - 3 scrolls of fear {unknown}
 m - a scroll of fog {unknown}
 o - a scroll of amnesia {unknown}
Potions
 d - 8 potions of blood
 l - a potion of heal wounds {unknown}
 n - a potion of flight {unknown}


   Skills:
 + Level 2.6 Short Blades
 - Level 2.1 Dodging
 + Level 5.7 Stealth
 - Level 2.0 Spellcasting
 + Level 5.4 Hexes


You had 3 spell levels left.
You knew the following spells:

 Your Spells              Type           Power        Failure   Level  Hunger
a - Corona                Hex            ###....      1%          1    #......
b - Confuse               Hex            ###.....     6%          3    ###....

Your spell library contained the following spells:

 Spells                   Type           Power        Failure   Level  Hunger
 Tukima's Dance           Hex            ###.....     6%          3    ###....
 Ensorcelled Hibernation  Hex/Ice        ##....       10%         2    ###....
 Dazzling Spray           Conj/Hex       ##....       19%         3    ###....


Dungeon Overview and Level Annotations

Branches:
Dungeon (3/15)

Altars:


Innate Abilities, Weirdness & Mutations

You have razor-sharp teeth.
You have supernaturally acute eyesight. (SInv)
You can survive without breathing.


Message History

You catch the helpless iguana completely off-guard!
You puncture the iguana!
The iguana is severely wounded.
The iguana barely misses you.
You hit the iguana but do no damage. You bite the iguana, but do no damage.
The iguana is severely wounded.
The hobgoblin barely misses you. The iguana bites you.
* * * LOW HITPOINT WARNING * * *
You see here a +0 dagger.
You hit the iguana but do no damage. You bite the iguana.
The iguana is severely wounded.
The hobgoblin misses you. The bat closely misses you.
You hit the iguana but do no damage.
The iguana is severely wounded.
The bat hits you but does no damage. The iguana bites you!
* * * LOW HITPOINT WARNING * * *
The hobgoblin hits you.
You die...

# #. #.##.###.# ######
.##.####.##.###.####......
........##...............
##..##..........%.......#
#..##.###.#.........>...
#.........#.#.##.).....#
##........#.#....)....#
#..#.#####.#b##.#...#.#
#####..#.......l@g.## ###
...##..#######.#.##.##
...##..#######.#.###.##
......................#.
.....#.................#
...#.#.#########.####..?$
.###....########.# #)### .
#.............# .# .
##..<########## ..


You could see an iguana (confused), a hobgoblin and a bat.

Vanquished Creatures
  A gnoll (D:1)
  An adder (D:3)
  2 worms (D:2)
  3 dart slugs
  A leopard gecko (D:3)
  3 bats (D:1)
  2 giant cockroaches
  7 goblins
  5 hobgoblins
  5 kobolds
  A quokka (D:2)
  A frilled lizard (D:2)
  2 rats (D:1)
34 creatures vanquished.

Notes
Turn   | Place    | Note
-------+----------+-------------------------------------------
     0 | D:1      | Matador8 the Vampire Enchanter began the quest for the Orb.
     0 | D:1      | Reached XP level 1. HP: 13/13 MP: 3/3
   281 | D:1      | Reached XP level 2. HP: 19/19 MP: 3/5
   398 | D:1      | Reached skill level 5 in Stealth
   898 | D:1      | Reached skill level 5 in Hexes
  1031 | D:2      | Reached XP level 3. HP: 17/24 MP: 4/6
  1367 | D:2      | Learned a level 3 spell: Confuse
  2310 | D:3      | Reached XP level 4. HP: 27/30 MP: 7/7
  2631 | D:3      | Slain by a hobgoblin

Vault maps used:
D:1:      elethiomel_arrival_infinity_welcomes_careful_drivers
D:2:      first_ration
D:3:      uniq_ijyb

Skill      XL: |  1  2 |
---------------+-------+-----
Stealth        | 5 |  5.7
Short Blades   | 2 |  2.6
Hexes          | 5 |  5.4
Dodging        | |  2.1
Spellcasting   | |  2.0

Action                   |  1- 3 |  4- 6 || total
-------------------------+-------+-------++-------
Melee: Dagger            |   138 |    10 ||   148
       Bite              |     6 |     2 ||     8
 Cast: Corona            |    23 |       ||    23
       Confuse           |     5 |     4 ||     9
 Abil: End Transformatio |       |     1 ||     1
       Bat Form          |       |     1 ||     1
  Use: Potion            |     3 |     2 ||     5
 Stab: Sleeping          |     8 |       ||     8
       Confused          |     3 |     1 ||     4
Armor: Robe              |    48 |     1 ||    49
Dodge: Dodged            |    83 |     8 ||    91

Table legend:
 A = Non-vault XP
 B = Vault XP
 C = Vault XP percentage of total XP
 D = Non-vault monster count
 E = Vault monster count
 F = Vault count percentage of total count
                 A         B        C        D         E       F
            +---------+---------+-------+---------+---------+-------
      Total |      99 |       0 |   0.0 |      34 |       0 |   0.0
            +---------+---------+-------+---------+---------+-------
        D:1 |      38 |       0 |   0.0 |      13 |       0 |   0.0
        D:2 |      40 |       0 |   0.0 |      16 |       0 |   0.0
        D:3 |      21 |       0 |   0.0 |       5 |       0 |   0.0
            +---------+---------+-------+---------+---------+-------
